AoeStats
← Ken

Fortress

508850200Analyzed
4v4 RM · 7d ago on Sep 24, 2026· 38m 44s· 8 players
Game mode
Random Map
Map size
Huge
Population
200
Speed
Normal
Resources
Standard
Victory
Conquest
Starting age
Dark Age
Ending age
Imperial Age
RankedLock teamsTeams togetherTeam positionsShared explorationLock speedFull tech treeHidden civsTurbo modeCheats
Victory
Defeat
🇨🇳 Franks · China
1113
+13
🇨🇳 Italians · China
1100
+14
🇨🇳 Franks · China
980
+19
🇨🇳 Byzantines · China
952
+20
🇦🇺 Franks · Australia
1077
-18
🇨🇳 Huns · China
1074
-18
🇩🇪 Khmer · Germany
1041
-16
🇹🇷 Turks · Türkiye
981
-14
Achileus
7:36 Feudal Age
11:33 Castle Age
9:28 Double-Bit Axe
9:31 Loom
10:47 Horse Collar
14:40 Bow Saw
22:01 Heavy Plow
30:05 Imperial Age
28:11 Wheelbarrow
27:40 Padded Archer Armor
27:46 Scale Barding Armor
28:15 Bloodlines
28:06 Husbandry
29:54 Forging
30:05 Chain Barding Armor
29:17 Light Cavalry
30:56 Hand Cart
31:04 Hussar
33:43 Double Crossbow
34:18 Gold Mining
35:04 Iron Casting
35:05 Plate Barding Armor
36:14 Leather Archer Armor
KarasukWarrior
9:45 Feudal Age
12:23 Wheelbarrow
12:24 Horse Collar
12:40 Double-Bit Axe
12:58 Loom
15:40 Castle Age
19:57 Imperial Age
18:33 Padded Archer Armor
20:35 Leather Archer Armor
22:28 Hand Cart
22:43 Heavy Plow
25:11 Bow Saw
30:00 Elite Janissary
33:27 Conscription
SilverArrow
8:03 Feudal Age
8:37 Double-Bit Axe
10:14 Gold Mining
10:40 Loom
14:15 Castle Age
15:11 Bow Saw
16:46 Stone Mining
23:07 Forging
23:54 Gold Shaft Mining
23:53 Husbandry
27:12 Iron Casting
26:43 Scale Barding Armor
28:42 Wheelbarrow
35:09 Imperial Age
35:15 Cavalier
xyzx44qab
Ken
7:25 Feudal Age
9:02 Double-Bit Axe
11:57 Castle Age
14:13 Bow Saw
14:48 Loom
18:20 Wheelbarrow
23:45 Hand Cart
29:19 Imperial Age
26:59 Scale Barding Armor
27:26 Husbandry
29:14 Chain Barding Armor
29:10 Forging
28:57 Gold Mining
29:50 Caravan
30:06 Cavalier
31:23 Plate Barding Armor
31:27 Conscription
31:44 Iron Casting
31:59 Paladin
34:43 Blast Furnace
34:05 Treadmill Crane
34:54 Ballistics
34:30 Murder Holes
36:42 Chivalry
hanser
7:42 Feudal Age
9:42 Double-Bit Axe
12:21 Castle Age
10:27 Horse Collar
10:47 Stone Mining
12:27 Loom
14:04 Bow Saw
15:03 Heavy Plow
18:36 Wheelbarrow
18:05 Gold Mining
24:36 Imperial Age
23:02 Gold Shaft Mining
23:26 Stone Shaft Mining
22:58 Pikeman
23:38 Squires
24:15 Hand Cart
25:42 Conscription
26:27 Two-Man Saw
26:07 Crop Rotation
25:55 Squires
26:30 Scale Mail Armor
26:40 Forging
26:31 Padded Archer Armor
26:27 Halberdier
28:18 Thumb Ring
27:33 Elite Skirmisher
28:50 Fortified Wall
29:49 Chain Mail Armor
30:35 Iron Casting
30:35 Elite Varangian Guard
31:50 Plate Mail Armor
36:35 Gambesons
36:36 Arson
一个有故事的ID
7:49 Feudal Age
8:45 Double-Bit Axe
8:42 Horse Collar
11:35 Castle Age
11:08 Loom
12:36 Bow Saw
13:00 Heavy Plow
20:04 Wheelbarrow
19:24 Stone Mining
25:05 Imperial Age
23:10 Fletching
23:21 Padded Archer Armor
24:10 Bodkin Arrow
24:58 Hand Cart
25:02 Squires
25:21 Leather Archer Armor
25:51 Bracer
26:20 Conscription
26:50 Ring Archer Armor
26:35 Town Watch
27:57 Two-Man Saw
27:46 Crop Rotation
27:32 Forging
27:28 Scale Barding Armor
27:27 Elite Genoese Crossbowman
29:42 Husbandry
30:30 Bloodlines
29:59 Light Cavalry
31:03 Chain Barding Armor
31:18 Iron Casting
32:14 Chemistry
31:34 Ballistics
34:08 Ballistics
35:24 Blast Furnace
34:24 Hussar
39:49 Plate Barding Armor
无糖薄荷糖
4:34 Loom
9:16 Feudal Age
10:00 Double-Bit Axe
16:28 Castle Age
18:52 Bow Saw
18:40 Stone Mining
18:43 Gold Mining
27:00 Wheelbarrow
26:13 Town Watch
29:36 Imperial Age
30:38 Cavalier
32:35 Scale Barding Armor
32:41 Forging
32:46 Husbandry
35:31 Treadmill Crane
36:13 Chain Barding Armor
36:30 Iron Casting
36:40 Paladin
Connection lost

Rejoining the realm…

Still unreachable

The connection could not be restored.

Session expired

The server has moved on; the page needs a fresh start.